 Dungeon Crawl Stone Soup version 0.27.1-33-g824d729ab1 (webtiles) character file.

Game seed: 14618312916553872827

65 pkoi the Ruffian (level 3, -5/28 HPs)
             Began as a Draconian Artificer on Dec 20, 2021.
             Killed from afar by Sigmund (7 damage)
             ... with a magic dart
             ... on level 2 of the Dungeon.
             The game lasted 00:03:50 (1980 turns).

pkoi the Ruffian (Draconian Artificer)              Turns: 1980, Time: 00:03:50

Health: -5/28      AC:  6    Str: 14    XL:     3   Next: 92%
Magic:  3/3        EV: 12    Int: 12    God:
Gold:   114        SH:  0    Dex: 11    Spells: 2/2 levels left

rFire    . . .     SeeInvis .   m - +0 short sword (speed)
rCold    + . .     Faith    .   (no shield)
rNeg     . . .     Spirit   .   (armour unavailable)
rPois    .         Reflect  .   (helmet restricted)
rElec    .         Harm     .   (no cloak)
rCorr    .         Rampage  .   (no gloves)
Will     .....                  h - +0 pair of boots
Stlth    +.........             (no amulet)
HPRegen  0.09/turn              i - ring of protection from cold
MPRegen  0.08/turn              (no ring)

@: no status effects
A: AC +5, unfitting armour, cold-blooded
a: no special abilities


You were on level 2 of the Dungeon.
You visited 1 branch of the dungeon, and saw 2 of its levels.

You collected 114 gold pieces.

Inventory:

Hand Weapons
 a - a +0 club
 e - a +0 dagger
 m - a +0 short sword of speed (weapon)
Armour
 h - a +0 pair of boots (worn)
Jewellery
 i - a ring of protection from cold (left hand)
 q - a ring of ice
Wands
 b - a wand of flame (15) (quivered)
 c - a wand of charming (15)
Scrolls
 g - 4 scrolls of identify {unknown}
 j - 2 scrolls of teleportation {unknown}
 k - 2 scrolls of vulnerability {unknown}
 n - a scroll of holy word {unknown}
 o - a scroll of amnesia {unknown}
Potions
 f - 2 potions of might {unknown}
 l - a potion of lignification {unknown}
 p - a potion of curing {unknown}
Miscellaneous
 d - a piece from Xom's chessboard (15/15)


   Skills:
 - Level 1.1 Fighting
 - Level 2.1 Dodging
 - Level 0.8 Stealth
 + Level 3.6 Unarmed Combat
 - Level 3.0 Evocations


You had 2 spell levels left.
You didn't know any spells.
Your spell library contained the following spells:

 Spells                   Type           Power      Damage    Failure   Level
 Cause Fear               Hex            0%         N/A       97%         4
 Dragon Form              Tmut           0%         N/A       100%        7
 Dragon's Call            Summ           0%         N/A       100%        9


Dungeon Overview and Level Annotations

Branches:
Dungeon (2/15)

Altars:

Shops:
D:2 *

Annotations:
D:2 Sigmund


Innate Abilities, Weirdness & Mutations

Your plain brown scales are hard. (AC +5)
You cannot fit into any form of body armour.
You are cold-blooded and may be slowed by cold attacks.


Message History

You barely miss Sigmund.
Sigmund is lightly wounded.
Sigmund barely misses you.
You barely miss Sigmund.
Sigmund is lightly wounded.
The ball python hisses angrily.
You hit Sigmund.
Sigmund is moderately wounded.
Sigmund casts a spell.
Sigmund flickers and vanishes!
Deactivating autopickup; reactivate with Ctrl-A.
You hear some strange, mumbled words.
Something tries to affect you, but you resist.
You closely miss the ball python.
Your tail-slap misses the ball python.
The ball python bites you. The ball python grabs you.
The ball python constricts you.
You hit the ball python.
Your tail-slap misses the ball python.
The ball python is severely wounded.
Something hits you. The ball python misses you. The ball python constricts you.
You completely miss the ball python.
The ball python is severely wounded.
The ball python completely misses you. The ball python constricts you.
You closely miss the ball python.
The ball python is severely wounded.
Something hits you.
You hit the ball python.
You kill the ball python!
A magic dart appears from out of thin air!
The magic dart hits you.
A magic dart appears from out of thin air!
The magic dart hits you!
* * * LOW HITPOINT WARNING * * *
Something tries to affect you, but you resist.
A puff of flame appears from out of thin air!
The puff of flame hits you!
* * * LOW HITPOINT WARNING * * *
There is a stone staircase leading up here.
A magic dart appears from out of thin air!
The magic dart hits you!
You die...

#...........##.# #.#
#.....[>...###.# #.#
#..........# #.# #.#
#..........# #.# #.#
##########.# #.# #.# #>#
#.# #[# #.# #.# #.#
#.###.# #.#
#########....@# #.#
##.............###.#
#...............##.#
#..#####.........#.##
#..# #............#
##..# #....{....##.#
#...######........##.#
##.#.##..........#.##.#
............#...##.##รท#


There were no monsters in sight!

Vanquished Creatures
  2 adders (D:2)
  2 dart slugs
  6 ball pythons
  4 bats
  4 endoplasms (D:1)
  2 giant cockroaches
  A goblin (D:2)
  A hobgoblin (D:2)
  6 jackals (D:2)
  3 quokkas
  3 frilled lizards
  5 kobolds
  A rat (D:2)
40 creatures vanquished.

Notes
Turn   | Place    | Note
-------+----------+-------------------------------------------
     0 | D:1      | pkoi the Draconian Artificer began the quest for the Orb.
     0 | D:1      | Reached XP level 1. HP: 16/16 MP: 1/1
   140 | D:1      | Reached skill level 1 in Unarmed Combat
   192 | D:1      | Reached XP level 2. HP: 19/23 MP: 2/2
  1103 | D:2      | Reached XP level 3. HP: 9/28 MP: 3/3
  1547 | D:2      | Noticed Sigmund
  1671 | D:2      | Found Usyuzuh's General Store.
  1980 | D:2      | Killed from afar by Sigmund

Illustrated notes

Levels and vault maps discovered:
D:1:      nicolae_arrival_somewhat_less_tricky_arrival, layout_basic
D:2:      layout_loops_ring, serial_shops, shop, uniq_sigmund

Skill      XL: |  1  2  3 |
---------------+----------+-----
Unarmed Combat | 1 2 3 |  3.6
Fighting       | |  1.1
Dodging        | |  2.1
Stealth        | |  0.8
Evocations     | |  3.0

Action                   || total
-------------------------++-------
Melee: Dagger            ||    98
       Club              ||     4
       Tailslap          ||    12
       Short sword       ||    70
       Punch             ||     2
 Stab: Sleeping          ||     4
Armor: Skin              ||    40
Dodge: Dodged            ||   111
